 Dungeon Crawl Stone Soup version 0.21-a0-524-g614d7e5 (webtiles) character file.

123 BingusPrime the Chopper (level 4, -5/37 HPs)
             Began as a Minotaur Gladiator on Dec 6, 2017.
             Killed by divine providence
             ... invoked by an orc priest
              (13 damage)
             ... on level 2 of the Dungeon.
             The game lasted 00:04:16 (1684 turns).

BingusPrime the Chopper (Minotaur Gladiator)        Turns: 1684, Time: 00:04:16

Health: -5/37      AC:  6    Str: 20    XL:     4   Next: 80%
Magic:  3/3        EV: 13    Int:  5    God:
Gold:   32         SH:  0    Dex: 11    Spells: 3/3 levels left

rFire    . . .     SeeInvis .   a - +0 war axe
rCold    . . .     Gourm    .   (no shield)
rNeg     . . .     Faith    .   b - +0 leather armour
rPois    .         Spirit   .   c - +0 hat
rElec    .         Reflect  .   (no cloak)
rCorr    .         Harm     .   e - +0 pair of gloves
MR       .....                  (no boots)
Stlth    +.........             (no amulet)
HPRegen  0.12/turn              (no ring)
MPRegen  0.08/turn              (no ring)

@: no status effects
A: retaliatory headbutt, horns 2, slimy green scales 1, clumsy 1, strong 1
a: no special abilities


You were on level 2 of the Dungeon.
You were hungry.

You visited 1 branch of the dungeon, and saw 3 of its levels.

You collected 32 gold pieces.

Inventory:

Hand Weapons
 a - a +0 war axe (weapon)
Missiles
 d - 3 throwing nets
 i - 7 tomahawks (quivered)
 l - 5 javelins
 m - 38 stones
Armour
 b - a +0 leather armour (worn)
 c - a +0 hat (worn)
 e - a +0 pair of gloves (worn)
Scrolls
 g - 2 scrolls of identify {unknown}
Potions
 n - 2 potions of ambrosia {unknown}
Comestibles
 f - 2 bread rations
 h - 3 fruits
 j - 2 royal jellies
 k - a meat ration


   Skills:
 + Level 2.9 Fighting
 * Level 5.7 Axes
 + Level 2.4 Throwing
 + Level 1.4 Armour
 + Level 3.5 Dodging
 + Level 0.2 Stealth


You had 3 spell levels left.
You didn't know any spells.

Dungeon Overview and Level Annotations

Branches:
Dungeon (3/15)

Altars:


Innate Abilities, Weirdness & Mutations

You reflexively headbutt those who attack you in melee.
You have a pair of horns on your head.
You are partially covered in slimy green scales. (AC +2)
You are clumsy. (Dex -2)
Your muscles are strong. (Str +2)


Message History

The orc priest calls down the wrath of Beogh upon you.
Beogh smites you! The orc priest closely misses you.
You hit the orc priest but do no damage.
The orc priest is almost dead.
You barely miss the orc priest. The orc priest closely misses you.
The orc priest hits you with a club.
* * * LOW HITPOINT WARNING * * *
You hit the orc priest but do no damage.
You headbutt the orc priest, but do no damage.
The orc priest is almost dead.
You slash the orc priest! The orc priest hits you with a mace.
* * * LOW HITPOINT WARNING * * *
The orc priest misses you. You furiously retaliate!
You headbutt the orc priest.
You hit the orc priest but do no damage.
The orc priest is almost dead.
You hit the orc priest but do no damage.
The orc priest invokes the aid of Beogh against you.
Beogh smites you!
You die...

.....#......#..... .
.....#......#..... .
#.............. .#####
###....)......# ......
..............########......
............##..............
...#####....##............o.
..........................(.
.........#......@o.###......
.........#.....##o..# .....
###......#.....##...# ####
###......#.....##...#
.........#.....##.....
.........#...>.........
..†..#####..............
.....#...............###
.....#...............#


You could see 2 orc priests.

Vanquished Creatures
  An orc wizard (D:3)
  A gnoll (D:1)
  3 adders
  An ooze (D:2)
  4 dart slugs (D:1)
  3 orcs (D:3)
  2 giant cockroaches (D:1)
  3 hobgoblins
  2 jackals (D:1)
  4 kobolds (D:1)
  A quokka (D:3)
  7 bats
  5 frilled lizards
  4 goblins (D:1)
  4 rats
45 creatures vanquished.

Notes
Turn   | Place    | Note
-------+----------+-------------------------------------------
     0 | D:1      | BingusPrime the Minotaur Gladiator began the quest for the Orb.
     0 | D:1      | Reached XP level 1. HP: 18/18 MP: 0/0
   134 | D:1      | Reached skill level 4 in Axes
   391 | D:1      | Reached XP level 2. HP: 25/25 MP: 1/1
   575 | D:1      | Reached XP level 3. HP: 30/30 MP: 2/2
  1060 | D:2      | Reached skill level 5 in Axes
  1095 | D:2      | Reached XP level 4. HP: 26/37 MP: 3/3
  1276 | D:3      | Gained mutation: You are clumsy. (Dex -2) [potion of mutation]
  1276 | D:3      | Gained mutation: You are partially covered in slimy green scales. (AC +2) [potion of mutation]
  1276 | D:3      | Gained mutation: Your muscles are strong. (Str +2) [potion of mutation]
  1280 | D:3      | Reached skill level 1 in Armour
  1289 | D:3      | HP: 1/37 [poisoned by an adder]
  1684 | D:2      | Killed from afar by an orc priest

Vault maps used:
D:1:      nzn_arrival_crosshair
D:2:      cheibrodos_pilgrimage
D:3:      nicolae_dithmenos_through_a_glass_darkly, bh_walls_and_bars

Skill      XL: |  1  2  3  4 |
---------------+-------------+-----
Axes           | 4 5 |  5.7
Armour         | 1 |  1.4
Fighting       | |  2.9
Throwing       | |  2.4
Dodging        | |  3.5
Stealth        | |  0.2

Action                   |  1- 3 |  4- 6 || total
-------------------------+-------+-------++-------
Melee: War axe           |    75 |    24 ||    99
       Headbutt          |    10 |     3 ||    13
Throw: Stone             |       |     1 ||     1
       Tomahawk          |       |     1 ||     1
  Use: Potion            |       |     1 ||     1
 Stab: Sleeping          |     1 |       ||     1
  Eat: Chunk             |       |     2 ||     2
Armor: Leather armour    |    21 |    11 ||    32
Dodge: Dodged            |    53 |    22 ||    75

Table legend:
 A = Spawn XP
 B = Non-spawn XP
 C = Spawn XP percentage of total XP
 D = Spawn monster count
 E = Non-spawn monster count
 F = Spawn count percentage of total count
 G = Total turns spent on level
                    A         B        C        D         E        F      G
               +---------+---------+-------+---------+---------+-------+---------
         Total |       0 |     177 |   0.0 |       0 |      45 |   0.0 |  1684
               +---------+---------+-------+---------+---------+-------+---------
           D:1 |       0 |      64 |   0.0 |       0 |      27 |   0.0 |  1011
           D:2 |       0 |      41 |   0.0 |       0 |       8 |   0.0 |   265
           D:3 |       0 |      72 |   0.0 |       0 |      10 |   0.0 |   408
               +---------+---------+-------+---------+---------+-------+---------
